Workbook
Name \A: #REF!
Name _ALT_X: #REF!
Name _bco1: #REF!
Name _DAT1: #REF!
Name _DAT10: #REF!
Name _DAT11: #REF!
Name _DAT12: #REF!
Name _DAT2: #REF!
Name _DAT3: #REF!
Name _DAT4: #REF!
Name _DAT5: #REF!
Name _DAT6: #REF!
Name _DAT7: #REF!
Name _DAT8: #REF!
Name _DAT9: #REF!
Name _ING1: #REF!
Name _ING2: #REF!
Name _ING3: #REF!
Name _ING4: #REF!
Name _ING5: #REF!
Name _ING6: #REF!
Name _ING7: #REF!
Name _inv01: #REF!
Name _VPP1: #REF!
Name _VPP2: #REF!
Name _VPP3: #REF!
Name a: #REF!
Name A._E_INMOB._PASTOS_VERDES: #REF!
Name aa: #REF!
Name aaaaaa: #REF!
Name AD_Ajuste_VPP: #REF!
Name AD_CM_Dividendos: #REF!
Name AD_Corr_Mon_Inversion: #REF!
Name AD_Patrim_Negativo: #REF!
Name AD_Reconc_Utilidad.: #REF!
Name agosto_2001: #REF!
Name agosto_2002: #REF!
Name agosto_2003: #REF!
Name agosto_2004: #REF!
Name agosto_2005: #REF!
Name AGRICOLA_DE_CAMEROS: #REF!
Name AGUAS_SANTIAGO_PONIENTE: #REF!
Name AGUAS_STGO: #REF!
Name AJUSTADO: #REF!
Name AJUSTES_CERJ_MAYOR: #REF!
Name AJUSTES_CERJ_MENOR: #REF!
Name AJUSTES_CHILECTRA: #REF!
Name AJUSTES_DISTR_MAYOR: #REF!
Name AJUSTES_ENDESA: #REF!
Name AJUSTES_RIOMAIPO: #REF!
Name AMPLA: #REF!
Name AMPLA_: #REF!
Name AMPLA_INVESTIMENTOS: #REF!
Name AMPLA_INVESTIMENTOS_: #REF!
Name Año: #REF!
Name aprile_2001: #REF!
Name aprile_2002: #REF!
Name aprile_2003: #REF!
Name aprile_2004: #REF!
Name aprile_2005: #REF!

Sheet Index

Sheet Gx Business
C2: Energy Sales (GWh) | K2: Market share
C3: Cumulative | G3: Quarterly | K3: (%)
B4: Markets in which participates | C4: Sep-26 | D4: Sep-25 | E4: % Change | G4: Q3 2026 | H4: Q3 2025 | I4: % Change | K4: =+C4 -> Sep-26 | L4: =+D4 -> Sep-25
B6: Sistema Eléctrico Nacional (SEN) | C6: 23973.708 | D6: 23991.128 | E6: -0.0007 | G6: 8351.487 | H6: 8095.9306 | I6: 0.0316 | K6: 0.39894347 | L6: 0.39956086
C9: Cumulative | G9: Quarterly
B10: Physical Data | C10: =+C4 -> Sep-26 | D10: =+D4 -> Sep-25 | E10: % Change | G10: =+G4 -> Q3 2026 | H10: =+H4 -> Q3 2025 | I10: % Change
B12: Total Sales (GWh) | C12: 23973.708 | D12: 23991.128 | E12: -0.0007 | G12: 8351.487 | H12: 8095.9306 | I12: 0.0316
B13: Total Generation (GWh) | C13: 16966.326 | D13: 16865.617 | E13: 0.006 | G13: 6068.7785 | H13: 5392.0788 | I13: 0.1255

Sheet Networks Business
C2: Energy Sales | K2: Energy Losses
C3: (GWh)
C4: =+'Gx Business'!C3:E3 -> Cumulative | G4: =+'Gx Business'!G3:I3 -> Quarterly | K4: (%)
B5: Physical Information | C5: =+'Gx Business'!C4 -> Sep-26 | D5: =+'Gx Business'!D4 -> Sep-25 | E5: % Change | G5: =+'Gx Business'!G4 -> Q3 2026 | H5: =+'Gx Business'!H4 -> Q3 2025 | I5: =+E5 -> % Change | K5: =+C5 -> Sep-26 | L5: =+D5 -> Sep-25
B7: Distribution & Networks Business | C7: 11073.53 | D7: 10968.476 | E7: 0.0096 | G7: 3812.0886 | H7: 3731.6186 | I7: 0.0216 | K7: 0.064156016 | L7: 0.063834271
B11: Other Information | C11: =+C5 -> Sep-26 | D11: =+D5 -> Sep-25 | E11: =+E5 -> % Change
B13: Number of Customers | C13: 2216233 | D13: 2183664 | E13: 0.0149
B14: Customers/Employees | C14: 3943.4751 | D14: 4051.3247 | E14: -0.0266
C18: Cumulative | G18: Quarterly
B19: Physical Data | C19: =+C5 -> Sep-26 | D19: =+D5 -> Sep-25 | E19: % Change | G19: =+G5 -> Q3 2026 | H19: =+H5 -> Q3 2025 | I19: % Change
B21: Total Sales (GWh) | C21: 11073.53 | D21: 10968.476 | E21: 0.0096 | G21: 3812.0886 | H21: 3731.6186 | I21: 0.0216
B22: Number of Customers | C22: 2216233 | D22: 2183664 | E22: 0.0149 | G22: 2216233 | H22: 2183664 | I22: 0.0149

Sheet Energy Sales Revenues
C2: Cumulative Figures
B3: ENERGY SALES (Figures in US$ Million) | C3: Total Businesses | E3: Structure and Adjustments | G3: Total
C4: =+'Gx Business'!C4 -> Sep-26 | D4: =+'Gx Business'!D4 -> Sep-25 | E4: =+C4 -> Sep-26 | F4: =+D4 -> Sep-25 | G4: =+C4 -> Sep-26 | H4: =+D4 -> Sep-25
B6: Generation: | C6: 2077 | D6: 2157 | E6: -346 | F6: -345 | G6: 1731 | H6: 1812
B7: Regulated customers | C7: 843 | D7: 807 | E7: -343 | F7: -341 | G7: 500 | H7: 466
B8: Non regulated customers | C8: 1171 | D8: 1099 | E8: 0 | F8: 0 | G8: 1171 | H8: 1099
B9: Spot market | C9: 63 | D9: 251 | E9: -3 | F9: -4 | G9: 60 | H9: 247
B10: Distribution & Networks: | C10: 1328 | D10: 1280 | E10: -19 | F10: -16 | G10: 1309 | H10: 1264
B11: Residential | C11: 761 | D11: 697 | E11: 0 | F11: 0 | G11: 761 | H11: 697
B12: Commercial | C12: 350 | D12: 348 | E12: 0 | F12: 0 | G12: 350 | H12: 348
B13: Industrial | C13: 89 | D13: 93 | E13: 0 | F13: 0 | G13: 89 | H13: 93
B14: Other | C14: 128 | D14: 142 | E14: -19 | F14: -16 | G14: 109 | H14: 126
B15: Less: Intercompany transactions of different business lines | C15: -365 | D15: -361 | E15: 0 | F15: 0 | G15: 0 | H15: 0
B17: Total Energy Sales | C17: 3040 | D17: 3076 | E17: -365 | F17: -361 | G17: 3040 | H17: 3076
B19: Millions of US Dollars variation in US$ and % | C19: -36 | D19: -0.011703511 | E19: 0 | F19: 0 | G19: -36 | H19: -0.011703511
C22: Quarterly Figures
B23: ENERGY SALES (Figures in US$ Million) | C23: Total Businesses | E23: Structure and Adjustments | G23: Total
C24: =+'Gx Business'!G4 -> Q3 2026 | D24: =+'Gx Business'!H4 -> Q3 2025 | E24: =+C24 -> Q3 2026 | F24: =+D24 -> Q3 2025 | G24: =+C24 -> Q3 2026 | H24: =+D24 -> Q3 2025
B26: Generation: | C26: 734 | D26: 735 | E26: -114 | F26: -131 | G26: 620 | H26: 604
B27: Regulated customers | C27: 301 | D27: 285 | E27: -112 | F27: -127 | G27: 189 | H27: 158
B28: Non regulated customers | C28: 436 | D28: 354 | E28: 0 | F28: - | G28: 436 | H28: 354
B29: Spot market | C29: -3 | D29: 96 | E29: -2 | F29: -4 | G29: -5 | H29: 92
B30: Distribution & Networks: | C30: 478 | D30: 451 | E30: -6 | F30: -6 | G30: 472 | H30: 445
B31: Residential | C31: 306 | D31: 257 | E31: 0 | F31: 0 | G31: 306 | H31: 257
B32: Commercial | C32: 110 | D32: 111 | E32: 0 | F32: 0 | G32: 110 | H32: 111
B33: Industrial | C33: 28 | D33: 30 | E33: 0 | F33: 0 | G33: 28 | H33: 30
B34: Other | C34: 34 | D34: 53 | E34: -6 | F34: -6 | G34: 28 | H34: 47
B35: Less: Intercompany transactions of different business lines | C35: -120 | D35: -137 | E35: 0 | F35: 0 | G35: 0 | H35: 0
B37: Total Energy sales | C37: 1092 | D37: 1049 | E37: -120 | F37: -137 | G37: 1092 | H37: 1049
B39: Millions of US Dollars variation in US$ and % | C39: 43 | D39: 0.04099142 | E39: 0 | F39: 0 | G39: 43 | H39: 0.04099142

Sheet Enel Chile Results
C2: Cumulative Figures | H2: Quarterly Figures
B3: CONSOLIDATED INCOME STATEMENT (Figures in US$ Million) | C3: =+'Gx Business'!C4 -> Sep-26 | D3: =+'Gx Business'!D4 -> Sep-25 | E3: Change | F3: % Change | H3: =+'Energy Sales Revenues'!C24 -> Q3 2026 | I3: =+'Energy Sales Revenues'!D24 -> Q3 2025 | J3: Change | K3: % Change
B5: REVENUES | C5: 3480.223 | D5: 3479.281 | E5: 0.942 | F5: 0.0003 | H5: 1211.797 | I5: 1200.421 | J5: 11.376 | K5: 0.009
B6: Sales | C6: 3260.18 | D6: 3372.608 | E6: -112.428 | F6: -0.0333 | H6: 1183.231 | I6: 1145.081 | J6: 38.15 | K6: 0.0333
B7: Other operating revenues | C7: 220.043 | D7: 106.673 | E7: 113.37 | F7: 1.0628 | H7: 28.566 | I7: 55.34 | J7: -26.774 | K7: -0.4838
B8: PROCUREMENT AND SERVICES ¹ | C8: -2146.321 | D8: -2151.289 | E8: 4.968 | F8: -0.0023 | H8: -768.063 | I8: -742.836 | J8: -25.227 | K8: 0.034
B9: Energy purchases | C9: -1468.826 | D9: -1362.703 | E9: -106.123 | F9: 0.0779 | H9: -578.236 | I9: -470.188 | J9: -108.048 | K9: 0.2298
B10: Fuel consumption | C10: -278.752 | D10: -319.251 | E10: 40.499 | F10: -0.1269 | H10: -75.433 | I10: -104.345 | J10: 28.912 | K10: -0.2771
B11: Transportation expenses | C11: -218.009 | D11: -236.419 | E11: 18.41 | F11: -0.0779 | H11: -47.049 | I11: -85.202 | J11: 38.153 | K11: -0.4478
B12: Other variable procurement and service cost | C12: -180.734 | D12: -232.916 | E12: 52.182 | F12: -0.224 | H12: -67.345 | I12: -83.101 | J12: 15.756 | K12: -0.1896
B13: CONTRIBUTION MARGIN | C13: 1333.902 | D13: 1327.992 | E13: 5.91 | F13: 0.0045 | H13: 443.734 | I13: 457.585 | J13: -13.851 | K13: -0.0303
B14: Other work performed by entity and capitalized | C14: 28.884 | D14: 24.885 | E14: 3.999 | F14: 0.1607 | H14: 9.511 | I14: 8.404 | J14: 1.107 | K14: 0.1317
B15: Employee benefits expense | C15: -127.603 | D15: -134.03 | E15: 6.427 | F15: -0.048 | H15: -43.17 | I15: -43.506 | J15: - | K15: -
B16: Other fixed operating expenses | C16: -214.588 | D16: -215.099 | E16: 0.511 | F16: -0.0024 | H16: -74.343 | I16: -77.65 | J16: 3.307 | K16: -0.0426
B17: GROSS OPERATING INCOME (EBITDA) | C17: 1020.595 | D17: 1003.748 | E17: 16.847 | F17: 0.0168 | H17: 335.732 | I17: 344.833 | J17: -9.101 | K17: -0.0264
B18: Depreciation and amortization | C18: -303.393 | D18: -274.76 | E18: -28.633 | F18: 0.1042 | H18: -105.251 | I18: -100.465 | J18: -4.786 | K18: 0.0476
B19: Impairment loss (Reversal) | C19: 32.098 | D19: -35.458 | E19: 67.556 | F19: n.a. | H19: 0 | I19: -6.059 | J19: 6.059 | K19: -1
B20: Impairment loss (Reversal) for applying IFRS 9 | C20: -26.911 | D20: -27.626 | E20: 0.715 | F20: -0.0259 | H20: -9.618 | I20: -9.717 | J20: - | K20: -
B21: OPERATING INCOME (EBIT) | C21: 722.389 | D21: 665.904 | E21: 56.485 | F21: 0.0848 | H21: 220.863 | I21: 228.592 | J21: -7.729 | K21: -0.0338
B22: FINANCIAL RESULT | C22: -178.868 | D22: -157.115 | E22: -21.753 | F22: 0.1385 | H22: -57.903 | I22: -73.111 | J22: 15.208 | K22: -0.208
B23: Financial income | C23: 31.773 | D23: 39.773 | E23: -8 | F23: -0.2011 | H23: 3.666 | I23: 11.63 | J23: -7.964 | K23: -0.6848
B24: Financial expenses | C24: -198.965 | D24: -196.744 | E24: -2.221 | F24: 0.0113 | H24: -67.077 | I24: -66.511 | J24: -0.566 | K24: 0.0085
B25: Gain (Loss) for indexed assets and liabilities | C25: 4.614 | D25: 10.751 | E25: -6.137 | F25: -0.5708 | H25: 1.418 | I25: -0.172 | J25: 1 | K25: n.a.
B26: Exchange rate differences, net | C26: -16.29 | D26: -10.895 | E26: -5.395 | F26: 0.4952 | H26: 4.09 | I26: -18.058 | J26: 22.148 | K26: n.a.
B27: OTHER NON-OPERATING RESULTS | C27: 17.242 | D27: 12.428 | E27: 4.814 | F27: 0.3874 | H27: 7.276 | I27: 5.374 | J27: 1.902 | K27: 0.3539
B28: Share of profit (loss) of associates accounted for using the equity method | C28: 14.045 | D28: 10.226 | E28: 3.819 | F28: 0.3735 | H28: 4.848 | I28: 3.432 | J28: 1.416 | K28: 0.4126
B29: Other earnings | C29: 3.197 | D29: 2.202 | E29: 0.995 | F29: 0.4519 | H29: 2.428 | I29: 1.942 | J29: - | K29: -
B30: Net Income from sale of assets
B32: NET INCOME BEFORE TAXES | C32: 560.763 | D32: 521.217 | E32: 39.546 | F32: 0.0759 | H32: 170.236 | I32: 160.855 | J32: 9.381 | K32: 0.0583
B33: Income Tax | C33: -140.667 | D33: -136.687 | E33: -3.98 | F33: 0.0291 | H33: -42.989 | I33: -43.746 | J33: 0.757 | K33: -0.0173
B35: NET INCOME | C35: 420.096 | D35: 384.53 | E35: 36 | F35: 0.0925 | H35: 127.247 | I35: 117.109 | J35: 10.138 | K35: 0.0866
B36: Shareholders of the parent company | C36: 389.534 | D36: 351.81 | E36: 37.724 | F36: 0.1072 | H36: 117.594 | I36: 106.175 | J36: 11.419 | K36: 0.1075
B37: Non-controlling interest | C37: 30.562 | D37: 32.72 | E37: -2.158 | F37: -0.066 | H37: 9.653 | I37: 10.934 | J37: -1.281 | K37: -0.1172
B39: Earning per share (US$ /share) 2 | C39: 0.0056318258 | D39: 0.0050864177 | E39: 0.00054540809 | F39: 0.1072 | H39: 0.0017001569 | I39: 0.0015350627 | J39: 0.00016509424 | K39: 0.1075
B41: (1) The consolidated income statement e as of September 30, 2025, includes a reclassification between two line items in operating income, which resulted in a decrease in expenses for raw materials and supplies and, as a corresponding entry, an increase in other expenses by nature of US$ 7 million. In addition, the results for Q3 2025 include the effects of this reclassification for US$ 3 million.
B42: (2) As of September 30, 2026 and September 30, 2025 the average number of paid and subscribed shares was 69,166,557,219.

Sheet EBITDA
C2: Cumulative Figures | H2: Quarterly Figures
B3: EBITDA, BY BUSINESS SEGMENT (Figures in US$ Million) | C3: =+'Gx Business'!C4 -> Sep-26 | D3: =+'Gx Business'!D4 -> Sep-25 | E3: Change | F3: % Change | H3: =+'Energy Sales Revenues'!C24 -> Q3 2026 | I3: =+'Energy Sales Revenues'!D24 -> Q3 2025 | J3: Change | K3: % Change
B5: Generation business revenues | C5: 2413.15 | D5: 2456.603 | E5: -43.453 | F5: -0.0177 | H5: 816.914 | I5: 852.975 | J5: -36.061 | K5: -0.0423
B6: Distribution & Networks business revenues | C6: 1393.602 | D6: 1336.787 | E6: 56.815 | F6: 0.0425 | H6: 500.861 | I6: 464.334 | J6: 36.527 | K6: 0.0787
B7: Less: consolidation adjustments and other activities | C7: -326.529 | D7: -314.111 | E7: -12.418 | F7: 0.0395 | H7: -105.978 | I7: -116.891 | J7: 10.913 | K7: -0.0934
B8: Total Consolidated Revenues | C8: 3480.223 | D8: 3479.279 | E8: 0.944 | F8: 0.0003 | H8: 1211.797 | I8: 1200.418 | J8: 11.379 | K8: 0.0095
B10: Generation business costs | C10: -1332.452 | D10: -1373.186 | E10: 40.734 | F10: -0.0297 | H10: -464.258 | I10: -471.658 | J10: 7.4 | K10: -0.0157
B11: Distribution & Networks business costs | C11: -1156.944 | D11: -1109.011 | E11: -47.933 | F11: 0.0432 | H11: -415.678 | I11: -394.316 | J11: -21.362 | K11: 0.0542
B12: Less: consolidation adjustments and other activities | C12: 343.075 | D12: 330.908 | E12: 12.167 | F12: 0.0368 | H12: 111.873 | I12: 123.139 | J12: -11.266 | K12: -0.0915
B13: Total Consolidated Procurement and Services Costs | C13: -2146.321 | D13: -2151.289 | E13: 4.968 | F13: -0.0023 | H13: -768.063 | I13: -742.835 | J13: -25.228 | K13: 0.034
B15: Personnel Expenses | C15: -45.32 | D15: -49.587 | E15: 4.267 | F15: -0.0861 | H15: -16.101 | I15: -16.301 | J15: - | K15: -
B16: Other expenses by nature | C16: -132.616 | D16: -141.031 | E16: 8.415 | F16: -0.0597 | H16: -44.738 | I16: -48.672 | J16: 3.934 | K16: -0.0808
B17: Total Generation business | C17: -177.936 | D17: -190.618 | E17: 12.682 | F17: -0.0665 | H17: -60.839 | I17: -64.973 | J17: 4.134 | K17: -0.0636
B18: Personnel Expenses | C18: -16.101 | D18: -20.202 | E18: 4.101 | F18: -0.203 | H18: -5.116 | I18: -5.037 | J18: - | K18: -
B19: Other expenses by nature | C19: -93.724 | D19: -82.417 | E19: -11.307 | F19: 0.1372 | H19: -33.176 | I19: -32.239 | J19: -0.937 | K19: 0.0291
B20: Total Distribution & Networks business | C20: -109.825 | D20: -102.619 | E20: -7.206 | F20: 0.0702 | H20: -38.292 | I20: -37.276 | J20: -1.016 | K20: 0.0273
B21: Less: consolidation adjustments and other activities | C21: -25.546 | D21: -31.007 | E21: 5.461 | F21: -0.1761 | H21: -8.871 | I21: -10.503 | J21: 1.632 | K21: -0.1554
B23: EBITDA, by business segment
B24: Generation business EBITDA | C24: 902.762 | D24: 892.799 | E24: 9.963 | F24: 0.0112 | H24: 291.817 | I24: 316.344 | J24: -24.527 | K24: -0.0775
B25: Distribution & Networks business EBITDA | C25: 126.833 | D25: 125.157 | E25: 1.676 | F25: 0.0134 | H25: 46.891 | I25: 32.742 | J25: 14.149 | K25: 0.4321
B26: Less: consolidation adjustments and other activities | C26: -9 | D26: -14.21 | E26: 5.21 | F26: -0.3666 | H26: -2.976 | I26: -4.255 | J26: 1.279 | K26: -0.3006
B28: TOTAL ENEL CHILE CONSOLIDATED EBITDA | C28: 1020.595 | D28: 1003.746 | E28: 16.849 | F28: 0.0168 | H28: 335.732 | I28: 344.831 | J28: -9.099 | K28: -0.0264

Sheet EBIT & Others by segment
C2: Cumulative Figures (Figures in US$ million)
C3: =+'Energy Sales Revenues'!C4 -> Sep-26 | F3: =+'Energy Sales Revenues'!D4 -> Sep-25
B4: EBITDA & EBIT BY BUSINESS SEGMENT | C4: EBITDA | D4: Depreciation, Amortization and Impairments | E4: EBIT | F4: EBITDA | G4: Depreciation, Amortization and Impairments | H4: EBIT
B5: Generation business | C5: 902.762 | D5: -215.791 | E5: 686.971 | F5: 892.799 | G5: -258.787 | H5: 634.012
B6: Distribution & Networks business | C6: 126.833 | D6: -76.289 | E6: 50.544 | F6: 125.157 | G6: -71.892 | H6: 53.265
B7: Less: consolidation adjustments and other activities | C7: -9 | D7: -6.126 | E7: -15.126 | F7: -14.21 | G7: -7.165 | H7: -21.375
B9: TOTAL ENEL CHILE CONSOLIDATED | C9: 1020.595 | D9: -298.206 | E9: 722.389 | F9: 1003.746 | G9: -337.844 | H9: 665.902
C11: Quarterly Figures (Figures in US$ million)
C12: =+'Energy Sales Revenues'!C24 -> Q3 2026 | F12: =+'Energy Sales Revenues'!D24 -> Q3 2025
B13: EBITDA & EBIT BY BUSINESS SEGMENT | C13: EBITDA | D13: Depreciation, Amortization and Impairments | E13: EBIT | F13: EBITDA | G13: Depreciation, Amortization and Impairments | H13: EBIT
B14: Generation business | C14: 291.817 | D14: -87.749 | E14: 204.068 | F14: 316.344 | G14: -88.698 | H14: 227.646
B15: Distribution & Networks business | C15: 46.891 | D15: -24.829 | E15: 22.062 | F15: 32.742 | G15: -24.944 | H15: 7.798
B16: Less: consolidation adjustments and other activities | C16: -2.976 | D16: -2.291 | E16: -5.267 | F16: -4.255 | G16: -2.599 | H16: -6.854
B18: TOTAL ENEL CHILE CONSOLIDATED | C18: 335.732 | D18: -114.869 | E18: 220.863 | F18: 344.831 | G18: -116.241 | H18: 228.59

Sheet Non Operating Income
C2: Cumulative Figures | H2: =+EBITDA!H2 -> Quarterly Figures
B3: NON OPERATING INCOME (Figures in US$ million) | C3: =+'Gx Business'!C4 -> Sep-26 | D3: =+'Gx Business'!D4 -> Sep-25 | E3: Change | F3: % Change | H3: =+'Energy Sales Revenues'!C24 -> Q3 2026 | I3: =+'Energy Sales Revenues'!D24 -> Q3 2025 | J3: Change | K3: % Change
B5: Financial income | C5: 31.773 | D5: 39.773 | E5: -8 | F5: -0.2011 | H5: 3.666 | I5: 11.63 | J5: -7.964 | K5: -0.6848
B6: Financial expenses | C6: -198.965 | D6: -196.744 | E6: -2.221 | F6: 0.0113 | H6: -67.077 | I6: -66.511 | J6: -0.566 | K6: 0.0085
B7: Gain (Loss) for indexed assets and liabilities | C7: 4.614 | D7: 10.751 | E7: -6.137 | F7: -0.5708 | H7: 1.418 | I7: -0.172 | J7: 1 | K7: n.a.
B8: Exchange rate differences, net | C8: -16.29 | D8: -10.895 | E8: -5.395 | F8: 0.4952 | H8: 4.09 | I8: -18.058 | J8: 22.148 | K8: -1.2265
B9: FINANCIAL RESULT | C9: -178.868 | D9: -157.115 | E9: -21.753 | F9: 0.1385 | H9: -57.903 | I9: -73.111 | J9: 15.208 | K9: -0.208
B11: Net Income from other investments
B12: Other earnings | C12: 3.197 | D12: 2.202 | E12: 0.995 | F12: 0.4519 | H12: 2.428 | I12: 1.942 | J12: - | K12: -
B13: Share of profit (loss) of associates accounted for using the equity method | C13: 14.045 | D13: 10.226 | E13: 3.819 | F13: 0.3735 | H13: 4.848 | I13: 3.432 | J13: 1.416 | K13: 0.4126
B14: OTHER NON-OPERATING RESULTS | C14: 17.242 | D14: 12.428 | E14: 4.814 | F14: 0.3874 | H14: 7.276 | I14: 5.374 | J14: 1.902 | K14: 0.3539
B16: NET INCOME BEFORE TAXES | C16: 560.763 | D16: 521.217 | E16: 39.546 | F16: 0.0759 | H16: 170.236 | I16: 160.855 | J16: 9.381 | K16: 0.0583
B17: Income Tax | C17: -140.667 | D17: -136.687 | E17: -3.98 | F17: 0.0291 | H17: -42.989 | I17: -43.746 | J17: 0.757 | K17: -0.0173
B19: NET INCOME OF THE PERIOD | C19: 420.096 | D19: 384.53 | E19: 35.566 | F19: 0.0925 | H19: 127.247 | I19: 117.109 | J19: 10.138 | K19: 0.0866
B20: Attributable to Shareholders of the parent company | C20: 389.534 | D20: 351.81 | E20: 37.724 | F20: 0.1072 | H20: 117.594 | I20: 106.175 | J20: 11.419 | K20: 0.1075
B21: Attributable to Non-controlling interest | C21: 30.562 | D21: 32.72 | E21: -2.158 | F21: -0.066 | H21: 9.653 | I21: 10.934 | J21: -1.281 | K21: -0.1172

Sheet Balance Sheet
B3: ASSETS (Figures in US$ million) | C3: =+'Gx Business'!C4 -> Sep-26 | D3: Dec-25 | E3: Change | F3: % Change
B5: Current Assets | C5: 1844.963 | D5: 2239.087 | E5: -394.124 | F5: -0.176
B6: Non Current Assets | C6: 10806.284 | D6: 10664.572 | E6: 141.712 | F6: 0.0133
B8: Total Assets | C8: 12651.247 | D8: 12903.659 | E8: -252.412 | F8: -0.0196
B11: LIABILITIES AND EQUITY (Figures in US$ million) | C11: =+C3 -> Sep-26 | D11: Dec-25 | E11: Change | F11: % Change
B13: Current Liabilities | C13: 2386.608 | D13: 2473.336 | E13: -86.728 | F13: -0.0351
B14: Non Current Liabilities | C14: 4509.575 | D14: 4880.816 | E14: -371.241 | F14: -0.0761
B15: Total Equity | C15: 5755.064 | D15: 5549.507 | E15: 205.557 | F15: 0.037
B16: Attributable to the Shareholders of parent company | C16: 5372.492 | D16: 5175.869 | E16: 196.623 | F16: 0.038
B17: Attributable to Non-controlling interest | C17: 382.572 | D17: 373.638 | E17: 8.934 | F17: 0.0239
B19: Total Liabilities and Equity | C19: 12651.247 | D19: 12903.659 | E19: -252.412 | F19: -0.0196

Sheet Ratios
B2: RATIO | D2: UNIT | E2: =+'Enel Chile Results'!C3 -> Sep-26 | F2: Dec-25 | G2: =+'Gx Business'!D4 -> Sep-25 | H2: Change | J2: % Change
B4: Liquidity | C4: Liquidity (1) | D4: Times | E4: 0.77304819 | F4: 0.91 | G4: - | H4: -0.13695181 | J4: -0.1505
C5: Acid-test (2) | D5: Times | E5: 0.73964262 | F5: 0.87 | G5: - | H5: -0.13035738 | J5: -0.1498
C6: Working capital | D6: US$ million | E6: -541.645 | F6: -234 | G6: - | H6: -307.645 | J6: 1.3147
B7: Leverage | C7: Leverage (3) | D7: Times | E7: 1.1982809 | F7: 1.33 | G7: - | H7: -0.13171915 | J7: -0.099
C8: Short-term debt (4) | D8: % | E8: 0.34607666 | F8: 0.336 | G8: - | H8: 1.0076663 | J8: 0.03
C9: Long-term debt (5) | D9: % | E9: 0.65392334 | F9: 0.664 | G9: - | H9: -1.0076663 | J9: -0.0152
C10: Financial expenses coverage (6) | D10: Times | E10: 4.8451868 | F10: - | G10: 5.0980659 | H10: -0.25287907 | J10: -0.0496
B11: Profitability | C11: Op. income / Op. Revenues | D11: % | E11: 0.20756974 | F11: - | G11: 0.19139127 | H11: 1.6178477 | J11: 0.0845
C12: ROE (7) | D12: % | E12: 0.11069279 | F12: - | G12: 0.17428852 | H12: -6.3595732 | J12: -0.3649
C13: ROA (8) | D13: % | E13: 0.049250589 | F13: - | G13: 0.0729234 | H13: -2.3672811 | J13: -0.3246
B15: (1) Current Assets / Current Liabilities
B16: (2) Current Assets net of Inventories and prepayments / Current Liabilities
B17: (3) Total Liabilities / Total Equity
B18: (4) Current Liabilities / Total Liabilities
B19: (5) Non Current Liabilities / Total Liabilities
B20: (6) EBITDA / Net Financial Costs
B21: (7) Net income of the period attributable to the owners of the parent company for LTM / Average of equity attributable
B22: to the owners of the parent company at the beginning and at the end of the period
B23: (8) Total Net Income of the period for LTM / Average of total assets at the beginning and at the end of the period

Sheet Cash Flow
B3: NET CASH FLOW (Figures in US$ million) | C3: =+'Gx Business'!C4 -> Sep-26 | D3: =+'Gx Business'!D4 -> Sep-25 | E3: Change | F3: % Change
B5: From Operating Activities | C5: 858.968 | D5: 864.498 | E5: -5.53 | F5: -0.0064
B6: From Investing Activities | C6: -467.621 | D6: -352.386 | E6: -115.235 | F6: 0.327
B7: From Financing Activities | C7: -501.821 | D7: -530.52 | E7: 28.699 | F7: -0.0541
B9: Total Net Cash Flow | C9: -110.474 | D9: -18.408 | E9: -92.066 | F9: n/a

Sheet Fixed Assets
C2: INFORMATION FOR ASSETS AND EQUIPMENTS (Figures in US$ million)
B3: ENEL CHILE | C3: Payments for Additions of Fixed Assets | F3: Depreciation
C4: =+'Enel Chile Results'!C3 -> Sep-26 | D4: =+'Gx Business'!D4 -> Sep-25 | F4: =+'Enel Chile Results'!C3 -> Sep-26 | G4: =+'Gx Business'!D4 -> Sep-25
B6: Generation business | C6: 304.208 | D6: 281.911 | F6: 247.80362 | G6: 223.57927
B7: Distribution & Networks business | C7: 99.025 | D7: 74.057 | F7: 47.801712 | G7: 43.438206
B8: Other business activities | C8: 2.011 | D8: 5.022 | F8: 7.7881219 | G8: 7.7424016
B10: Total Consolidated ENEL CHILE Group | C10: 405.244 | D10: 360.99 | F10: 303.39345 | G10: 274.75988

Sheet Int. Rate
B3: ENEL CHILE INTEREST RATE (%) | C3: June 30, 2026 | D3: December 31, 2025
B5: Fixed Interest Rate | C5: 0.85 | D5: 0.87

Sheet Gx Physical Data Chile
B2: =+'Gx Business'!C4 -> Sep-26 | E2: =+'Gx Business'!D4 -> Sep-25 | I2: Change | M2: % Change
A3: GENERATION BUSINESS Cumulative Figures (in GWh) | B3: Enel Generación Chile | C3: Enel Green Power Chile | D3: Enel Chile Consolidated | E3: Enel Generación Chile | F3: Enel Green Power Chile | G3: Enel Chile Consolidated | I3: Enel Generación Chile | J3: Enel Green Power Chile | K3: Enel Chile Consolidated | M3: Enel Generación Chile | N3: Enel Green Power Chile | O3: Enel Chile Consolidated
A5: Total generation | B5: 12384.172 | C5: 4582.1542 | D5: 16966.326 | E5: 12759.911 | F5: 4105.7065 | G5: 16865.617 | I5: =+B5-E5 -> -375.73875 | J5: =+C5-F5 -> 476.44774 | K5: =+D5-G5 -> 100.70899 | M5: =+B5/E5-1 -> -0.029446816 | N5: =+C5/F5-1 -> 0.11604525 | O5: =+D5/G5-1 -> 0.0059712603
A6: Hydro generation | B6: 7920.6355 | C6: 297.34074 | D6: 8217.9762 | E6: 7716.4548 | F6: 281.36145 | G6: 7997.8163 | I6: =+B6-E6 -> 204.18067 | J6: =+C6-F6 -> 15.979282 | K6: =+D6-G6 -> 220.15996 | M6: =+B6/E6-1 -> 0.026460425 | N6: =+C6/F6-1 -> 0.056792719 | O6: =+D6/G6-1 -> 0.027527508
A7: Thermal generation | B7: 4382.1469 | C7: 0 | D7: 4382.1469 | E7: 4953.6906 | F7: 0 | G7: 4953.6906 | I7: =+B7-E7 -> -571.54371 | J7: =+C7-F7 -> 0 | K7: =+D7-G7 -> -571.54371 | M7: =+B7/E7-1 -> -0.11537735 | N7: - | O7: =+D7/G7-1 -> -0.11537735
A8: Other generation | B8: 81.389859 | C8: 4284.8135 | D8: 4366.2033 | E8: 89.765566 | F8: 3824.345 | G8: 3914.1106 | I8: =+B8-E8 -> -8.375707 | J8: =+C8-F8 -> 460.46846 | K8: =+D8-G8 -> 452.09275 | M8: =+B8/E8-1 -> -0.093306458 | N8: =+C8/F8-1 -> 0.12040453 | O8: =+D8/G8-1 -> 0.11550332
A9: Purchases | B9: 11150.805 | C9: 965.63994 | D9: 7007.6735 | E9: 10979.758 | F9: 1290.1258 | G9: 7125.7034 | I9: =+B9-E9 -> 171.04697 | J9: =+C9-F9 -> -324.4859 | K9: =+D9-G9 -> -118.02983 | M9: =+B9/E9-1 -> 0.015578391 | N9: =+C9/F9-1 -> -0.25151492 | O9: =+D9/G9-1 -> -0.016563955
A10: Purchases to related companies | B10: 0 | C10: 0 | D10: 5108.7715 | E10: 0 | F10: 0 | G10: 5144.1806 | I10: =+B10-E10 -> 0 | J10: =+C10-F10 -> 0 | K10: =+D10-G10 -> -35.409099 | M10: - | N10: - | O10: =+D10/G10-1 -> -0.0068833312
A11: Purchases to other generators | B11: 7228.4957 | C11: 626.077 | D11: 2745.8012 | E11: 6455.4556 | F11: 628.414 | G11: 1939.689 | I11: =+B11-E11 -> 773.04007 | J11: =+C11-F11 -> -2.337 | K11: =+D11-G11 -> 806.11217 | M11: =+B11/E11-1 -> 0.11974989 | N11: - | O11: =+D11/G11-1 -> 0.41558836
A12: Purchases at spot market | B12: 3922.3094 | C12: 339.56294 | D12: 4261.8724 | E12: 4524.3025 | F12: 661.71184 | G12: 5186.0144 | I12: =+B12-E12 -> -601.9931 | J12: =+C12-F12 -> -322.1489 | K12: =+D12-G12 -> -924.142 | M12: =+B12/E12-1 -> -0.13305766 | N12: =+C12/F12-1 -> -0.48684167 | O12: =+D12/G12-1 -> -0.17819889
A13: Transmission losses, pump and other consumption | B13: 0 | C13: 0 | D13: 0 | E13: 0 | F13: 0 | G13: 0 | I13: =+B13-E13 -> 0 | J13: =+C13-F13 -> 0 | K13: =+D13-G13 -> 0 | M13: =+B13/E13-1 -> #DIV/0! | N13: =+C13/F13-1 -> #DIV/0! | O13: =+D13/G13-1 -> #DIV/0!
A14: Total electricity sales | B14: 23534.684 | C14: 5547.7958 | D14: 23973.708 | E14: 23739.483 | F14: 5395.8254 | G14: 23991.128 | I14: =+B14-E14 -> -204.7994 | J14: =+C14-F14 -> 151.97037 | K14: =+D14-G14 -> -17.419931 | M14: =+B14/E14-1 -> -0.0086269527 | N14: =+C14/F14-1 -> 0.028164434 | O14: =+D14/G14-1 -> -0.00072609887
A15: Sales to regulated customers | B15: 7866.6731 | C15: 242.27861 | D15: 8108.9518 | E15: 7866.5282 | F15: 234.5527 | G15: 8101.0809 | I15: =+B15-E15 -> 0.144905 | J15: =+C15-F15 -> 7.725907 | K15: =+D15-G15 -> 7.870812 | M15: =+B15/E15-1 -> 1.8420451e-05 | N15: =+C15/F15-1 -> 0.032938896 | O15: =+D15/G15-1 -> 0.00097157553
A16: Sales to unregulated customers | B16: 14204.545 | C16: 1.619192 | D16: 14206.165 | E16: 14581.116 | F16: 2.126608 | G16: 14583.243 | I16: =+B16-E16 -> -376.57041 | J16: =+C16-F16 -> -0.507416 | K16: =+D16-G16 -> -377.07782 | M16: =+B16/E16-1 -> -0.025825898 | N16: =+C16/F16-1 -> -0.23860345 | O16: =+D16/G16-1 -> -0.025856926
A17: Sales at spot market | B17: 1463.4651 | C17: 195.12643 | D17: 1658.5915 | E17: 1291.839 | F17: 14.965452 | G17: 1306.8044 | I17: =+B17-E17 -> 171.6261 | J17: =+C17-F17 -> 180.16098 | K17: =+D17-G17 -> 351.78708 | M17: =+B17/E17-1 -> 0.1328541 | N17: - | O17: =+D17/G17-1 -> 0.26919642
A18: Sales to related companies/generators | B18: 0 | C18: 5108.7715 | D18: 5108.7715 | E18: 0 | F18: 5144.1806 | G18: 5144.1806 | I18: =+B18-E18 -> 0 | J18: =+C18-F18 -> -35.409099 | K18: =+D18-G18 -> -35.409099 | M18: - | N18: =+C18/F18-1 -> -0.0068833312 | O18: =+D18/G18-1 -> -0.0068833312
A19: TOTAL SALES OF THE SYSTEM | D19: 60092.995 | G19: 60043.739 | K19: =+D19-G19 -> 49.25633 | O19: =+D19/G19-1 -> 0.00082034083
A20: Market Share on total sales (%) | D20: 0.39894347 | G20: 0.39956086 | K20: =+D20-G20 -> -0.0006173903 | O20: =+D20/G20-1 -> -0.0015451721
B23: =+'Gx Business'!G4 -> Q3 2026 | E23: =+'Gx Business'!H4 -> Q3 2025 | I23: Change | M23: % Change
A24: GENERATION BUSINESS Quarterly Figures (in GWh) | B24: Enel Generación Chile | C24: Enel Green Power Chile | D24: Enel Chile Consolidated | E24: Enel Generación Chile | F24: Enel Green Power Chile | G24: Enel Chile Consolidated | I24: Enel Generación Chile | J24: Enel Green Power Chile | K24: Enel Chile Consolidated | M24: Enel Generación Chile | N24: Enel Green Power Chile | O24: Enel Chile Consolidated
A26: Total generation | B26: 4574.7166 | C26: 1494.0619 | D26: 6068.7785 | E26: 4039.6067 | F26: 1352.4721 | G26: 5392.0788 | I26: =+B26-E26 -> 535.10989 | J26: =+C26-F26 -> 141.58984 | K26: =+D26-G26 -> 676.69974 | M26: =+B26/E26-1 -> 0.13246584 | N26: =+C26/F26-1 -> 0.10468966 | O26: =+D26/G26-1 -> 0.12549886
A27: Hydro generation | B27: 3745.7755 | C27: 154.3802 | D27: 3900.1557 | E27: 2455.6135 | F27: 126.04978 | G27: 2581.6633 | I27: =+B27-E27 -> 1290.1619 | J27: =+C27-F27 -> 28.33042 | K27: =+D27-G27 -> 1318.4924 | M27: =+B27/E27-1 -> 0.52539291 | N27: =+C27/F27-1 -> 0.22475581 | O27: =+D27/G27-1 -> 0.5107143
A28: Thermal generation | B28: 803.44832 | C28: 0 | D28: 803.44832 | E28: 1553.2746 | F28: 0 | G28: 1553.2746 | I28: =+B28-E28 -> -749.82628 | J28: =+C28-F28 -> 0 | K28: =+D28-G28 -> -749.82628 | M28: =+B28/E28-1 -> -0.48273903 | N28: - | O28: =+D28/G28-1 -> -0.48273903
A29: Other generation | B29: 25.492812 | C29: 1339.6817 | D29: 1365.1746 | E29: 30.718572 | F29: 1226.4223 | G29: 1257.1409 | I29: =+B29-E29 -> -5.22576 | J29: =+C29-F29 -> 113.25942 | K29: =+D29-G29 -> 108.03366 | M29: =+B29/E29-1 -> -0.17011728 | N29: =+C29/F29-1 -> 0.092349447 | O29: =+D29/G29-1 -> 0.085936003
A30: Purchases | B30: 3620.1628 | C30: 301.41433 | D30: 2282.9939 | E30: 3960.4627 | F30: 396.28573 | G30: 2704.1131 | I30: =+B30-E30 -> -340.29984 | J30: =+C30-F30 -> -94.871401 | K30: =+D30-G30 -> -421.11911 | M30: =+B30/E30-1 -> -0.085924264 | N30: =+C30/F30-1 -> -0.23940151 | O30: =+D30/G30-1 -> -0.1557328
A31: Purchases to related companies | B31: 0 | C31: 0 | D31: 1638.5832 | E31: 0 | F31: 0 | G31: 1652.6354 | I31: =+B31-E31 -> 0 | J31: =+C31-F31 -> 0 | K31: =+D31-G31 -> -14.052136 | M31: - | N31: - | O31: =+D31/G31-1 -> -0.0085028654
A32: Purchases to other generators | B32: 2805.9035 | C32: 196.515 | D32: 1363.8353 | E32: 2071.2007 | F32: 197.245 | G32: 615.81037 | I32: =+B32-E32 -> 734.70276 | J32: =+C32-F32 -> -0.73 | K32: =+D32-G32 -> 748.02489 | M32: =+B32/E32-1 -> 0.35472311 | N32: - | O32: =+D32/G32-1 -> 1.2147001
A33: Purchases at spot market | B33: 814.25935 | C33: 104.89933 | D33: 919.15868 | E33: 1889.262 | F33: 199.04073 | G33: 2088.3027 | I33: =+B33-E33 -> -1075.0026 | J33: =+C33-F33 -> -94.141401 | K33: =+D33-G33 -> -1169.144 | M33: =+B33/E33-1 -> -0.56900664 | N33: =+C33/F33-1 -> -0.47297556 | O33: =+D33/G33-1 -> -0.55985371
A34: Transmission losses, pump and other consumption | B34: 0 | C34: 0 | D34: 0 | E34: 0 | F34: 0 | G34: 0 | I34: =+B34-E34 -> 0 | J34: =+C34-F34 -> 0 | K34: =+D34-G34 -> 0 | M34: =+B34/E34-1 -> #DIV/0! | N34: =+C34/F34-1 -> #DIV/0! | O34: =+D34/G34-1 -> #DIV/0!
A35: Total electricity sales | B35: 8194.6018 | C35: 1795.4684 | D35: 8351.487 | E35: 7999.8068 | F35: 1748.7592 | G35: 8095.9306 | I35: =+B35-E35 -> 194.79506 | J35: =+C35-F35 -> 46.709162 | K35: =+D35-G35 -> 255.55636 | M35: =+B35/E35-1 -> 0.02434997 | N35: =+C35/F35-1 -> 0.026709887 | O35: =+D35/G35-1 -> 0.031566026
A36: Sales to regulated customers | B36: 2730.5524 | C36: 80.12371 | D36: 2810.6761 | E36: 2756.0416 | F36: 80.459076 | G36: 2836.5007 | I36: =+B36-E36 -> -25.48921 | J36: =+C36-F36 -> -0.335366 | K36: =+D36-G36 -> -25.824576 | M36: =+B36/E36-1 -> -0.0092484852 | N36: =+C36/F36-1 -> -0.0041681562 | O36: =+D36/G36-1 -> -0.0091043785
A37: Sales to unregulated customers | B37: 4669.9843 | C37: 0.244814 | D37: 4670.2291 | E37: 4755.9129 | F37: 0.69933422 | G37: 4756.6123 | I37: =+B37-E37 -> -85.928637 | J37: =+C37-F37 -> -0.45452022 | K37: =+D37-G37 -> -86.383157 | M37: =+B37/E37-1 -> -0.018067748 | N37: =+C37/F37-1 -> -0.64993276 | O37: =+D37/G37-1 -> -0.018160647
A38: Sales at spot market | B38: 794.0651 | C38: 76.516636 | D38: 870.58174 | E38: 487.8522 | F38: 14.965452 | G38: 502.81765 | I38: =+B38-E38 -> 306.21291 | J38: =+C38-F38 -> 61.551184 | K38: =+D38-G38 -> 367.76409 | M38: =+B38/E38-1 -> 0.62767557 | N38: - | O38: =+D38/G38-1 -> 0.73140648
A39: Sales to related companies/generators | B39: 0 | C39: 1638.5832 | D39: 1638.5832 | E39: 0 | F39: 1652.6354 | G39: 1652.6354 | I39: =+B39-E39 -> 0 | J39: =+C39-F39 -> -14.052136 | K39: =+D39-G39 -> -14.052136 | M39: - | N39: =+C39/F39-1 -> -0.0085028654 | O39: =+D39/G39-1 -> -0.0085028654
A40: TOTAL SALES OF THE SYSTEM | D40: 19880.459 | G40: 19919.231 | K40: =+D40-G40 -> -38.771808 | O40: =+D40/G40-1 -> -0.001946451
A41: Market Share on total sales (%) | D41: 0.42008521 | G41: 0.40580502 | K41: =+D41-G41 -> 0.014280193 | O41: =+D41/G41-1 -> 0.035189789

Sheet Gx by Tech
B2: =+'Gx Physical Data Chile'!B2:D2 -> Sep-26 | E2: =+'Gx Physical Data Chile'!E2:G2 -> Sep-25 | I2: Change | M2: % Change
A3: GENERATION BY TECHNOLOGY Cumulative Figures (in GWh) | B3: Enel Generación Chile | C3: Enel Green Power Chile | D3: Enel Chile Consolidated | E3: Enel Generación Chile | F3: Enel Green Power Chile | G3: Enel Chile Consolidated | I3: Enel Generación Chile | J3: Enel Green Power Chile | K3: Enel Chile Consolidated | M3: Enel Generación Chile | N3: Enel Green Power Chile | O3: Enel Chile Consolidated
A5: Total generation | B5: 12384.172 | C5: 4582.1542 | D5: 16966.326 | E5: 12759.911 | F5: 4105.7065 | G5: 16865.617 | I5: =+B5-E5 -> -375.73875 | J5: =+C5-F5 -> 476.44774 | K5: =+D5-G5 -> 100.70899 | M5: =+B5/E5-1 -> -0.029446816 | N5: =+C5/F5-1 -> 0.11604525 | O5: =+D5/G5-1 -> 0.0059712603
A6: Hydro generation | B6: 7920.6355 | C6: 297.34074 | D6: 8217.9762 | E6: 7716.4548 | F6: 281.36145 | G6: 7997.8163 | I6: =+B6-E6 -> 204.18067 | J6: =+C6-F6 -> 15.979282 | K6: =+D6-G6 -> 220.15996 | M6: =+B6/E6-1 -> 0.026460425 | N6: =+C6/F6-1 -> 0.056792719 | O6: =+D6/G6-1 -> 0.027527508
A7: Coal generation | B7: 0 | C7: 0 | D7: 0 | E7: 0 | F7: 0 | G7: 0 | I7: - | J7: - | K7: - | M7: - | N7: - | O7: -
A8: Oil-Gas generation | B8: 4382.1469 | C8: 0 | D8: 4382.1469 | E8: 4953.6906 | F8: 0 | G8: 4953.6906 | I8: =+B8-E8 -> -571.54371 | J8: - | K8: =+D8-G8 -> -571.54371 | M8: =+B8/E8-1 -> -0.11537735 | N8: - | O8: =+D8/G8-1 -> -0.11537735
A9: Solar generation | B9: 0 | C9: 2788.9015 | D9: 2788.9015 | E9: 0 | F9: 2288.0727 | G9: 2288.0727 | I9: - | J9: =+C9-F9 -> 500.82883 | K9: =+D9-G9 -> 500.82883 | M9: - | N9: =+C9/F9-1 -> 0.21888677 | O9: =+D9/G9-1 -> 0.21888677
A10: Wind generation | B10: 81.389859 | C10: 1403.195 | D10: 1484.5849 | E10: 89.765566 | F10: 1455.3258 | G10: 1545.0913 | I10: =+B10-E10 -> -8.375707 | J10: =+C10-F10 -> -52.130778 | K10: =+D10-G10 -> -60.506485 | M10: =+B10/E10-1 -> -0.093306458 | N10: =+C10/F10-1 -> -0.035820693 | O10: =+D10/G10-1 -> -0.039160458
A11: Geothermal generation | B11: 0 | C11: 92.71694 | D11: 92.71694 | E11: 0 | F11: 80.946535 | G11: 80.946535 | I11: - | J11: =+C11-F11 -> 11.770405 | K11: =+D11-G11 -> 11.770405 | M11: - | N11: =+C11/F11-1 -> 0.14540962 | O11: =+D11/G11-1 -> 0.14540962
A12: TOTAL GENERATION OF THE SYSTEM | D12: 64575.496 | G12: 63688.516 | K12: =+D12-G12 -> 886.97976 | O12: =+D12/G12-1 -> 0.01392684
A13: Market Share on total generation (%) | D13: 0.26273629 | G13: 0.26481411 | K13: =+D13-G13 -> -0.0020778123 | O13: =+D13/G13-1 -> -0.0078463053
B16: =+'Gx Business'!G4 -> Q3 2026 | E16: =+'Gx Business'!H4 -> Q3 2025 | I16: Change | M16: % Change
A17: GENERATION BY TECHNOLOGY Quarterly Figures (in GWh) | B17: Enel Generación Chile | C17: Enel Green Power Chile | D17: Enel Chile Consolidated | E17: Enel Generación Chile | F17: Enel Green Power Chile | G17: Enel Chile Consolidated | I17: Enel Generación Chile | J17: Enel Green Power Chile | K17: Enel Chile Consolidated | M17: Enel Generación Chile | N17: Enel Green Power Chile | O17: Enel Chile Consolidated
A19: Total generation | B19: 4574.7166 | C19: 1494.0619 | D19: 6068.7785 | E19: 4039.6067 | F19: 1352.4721 | G19: 5392.0788 | I19: =+B19-E19 -> 535.10989 | J19: =+C19-F19 -> 141.58984 | K19: =+D19-G19 -> 676.69974 | M19: =+B19/E19-1 -> 0.13246584 | N19: =+C19/F19-1 -> 0.10468966 | O19: =+D19/G19-1 -> 0.12549886
A20: Hydro generation | B20: 3745.7755 | C20: 154.3802 | D20: 3900.1557 | E20: 2455.6135 | F20: 126.04978 | G20: 2581.6633 | I20: =+B20-E20 -> 1290.1619 | J20: =+C20-F20 -> 28.33042 | K20: =+D20-G20 -> 1318.4924 | M20: =+B20/E20-1 -> 0.52539291 | N20: =+C20/F20-1 -> 0.22475581 | O20: =+D20/G20-1 -> 0.5107143
A21: Coal generation | B21: 0 | C21: 0 | D21: 0 | E21: 0 | F21: 0 | G21: 0 | I21: =+B21-E21 -> 0 | J21: - | K21: =+D21-G21 -> 0 | M21: - | N21: - | O21: -
A22: Oil-Gas generation | B22: 803.44832 | C22: 0 | D22: 803.44832 | E22: 1553.2746 | F22: 0 | G22: 1553.2746 | I22: =+B22-E22 -> -749.82628 | J22: - | K22: =+D22-G22 -> -749.82628 | M22: =+B22/E22-1 -> -0.48273903 | N22: - | O22: =+D22/G22-1 -> -0.48273903
A23: Solar generation | B23: 0 | C23: 842.48813 | D23: 842.48813 | E23: 0 | F23: 728.26206 | G23: 728.26206 | I23: - | J23: =+C23-F23 -> 114.22608 | K23: =+D23-G23 -> 114.22608 | M23: - | N23: =+C23/F23-1 -> 0.15684749 | O23: =+D23/G23-1 -> 0.15684749
A24: Wind generation | B24: 25.492812 | C24: 456.56435 | D24: 482.05716 | E24: 30.718572 | F24: 473.5208 | G24: 504.23937 | I24: =+B24-E24 -> -5.22576 | J24: =+C24-F24 -> -16.956453 | K24: =+D24-G24 -> -22.182213 | M24: =+B24/E24-1 -> -0.17011728 | N24: =+C24/F24-1 -> -0.03580931 | O24: =+D24/G24-1 -> -0.043991434
A25: Geothermal generation | B25: 0 | C25: 40.629264 | D25: 40.629264 | E25: 0 | F25: 24.639465 | G25: 24.639465 | I25: - | J25: =+C25-F25 -> 15.989799 | K25: =+D25-G25 -> 15.989799 | M25: - | N25: =+C25/F25-1 -> 0.64895074 | O25: =+D25/G25-1 -> 0.64895074
A26: TOTAL GENERATION OF THE SYSTEM | D26: 21362.734 | G26: 21306.708 | K26: =+D26-G26 -> 56.025739 | O26: =+D26/G26-1 -> 0.0026294882
A27: Market Share on total generation (%) | D27: 0.28408248 | G27: 0.25306954 | K27: =+D27-G27 -> 0.031012946 | O27: =+D27/G27-1 -> 0.12254713

Sheet Networks Physical Data Chile
B2: ENEL CHILE DISTRIBUTION & NETWORKS BUSINESS Cumulative Figures | D2: =+'Gx Business'!C4 -> Sep-26 | E2: =+'Gx Business'!D4 -> Sep-25 | F2: Change in GWh | G2: % Change
B3: Physical Energy Sales (GWh) | C3: 1 | D3: 11073.53 | E3: 10968.476 | F3: =+D3-E3 -> 105.05413 | G3: =+D3/E3-1 -> 0.009577824
B4: Residential | C4: 0.35582568 | D4: 3940.2463 | E4: 3940.2658 | F4: =+D4-E4 -> -0.019526532 | G4: =+D4/E4-1 -> -4.9556383e-06
B5: Commercial | C5: 0.15686342 | D5: 1737.0318 | E5: 1735.7737 | F5: =+D5-E5 -> 1.2580943 | G5: =+D5/E5-1 -> 0.0007248032
B6: Industrial | C6: 0.045608758 | D6: 505.04995 | E6: 523.83468 | F6: =+D6-E6 -> -18.784736 | G6: =+D6/E6-1 -> -0.035860046
B7: Others | C7: 0.047931194 | D7: 530.76751 | E7: 549.35023 | F7: =+D7-E7 -> -18.582726 | G7: =+D7/E7-1 -> -0.033826738
B8: Tolls | C8: 0.39377095 | D8: 4360.4343 | E8: 4219.2513 | F8: =+D8-E8 -> 141.18302 | G8: =+D8/E8-1 -> 0.03346163
B11: Number of Customers | C11: 1 | D11: 2216233 | E11: 2183664 | F11: =+D11-E11 -> 32569 | G11: =+D11/E11-1 -> 0.01491484
B12: Residential | C12: 0.90374613 | D12: 2002912 | E12: 1964375.5 | F12: =+D12-E12 -> 38536.451 | G12: =+D12/E12-1 -> 0.01961766
B13: Commercial | C13: 0.070632014 | D13: 156537 | E13: 157817 | F13: =+D13-E13 -> -1280 | G13: =+D13/E13-1 -> -0.0081106598
B14: Industrial | C14: 0.0050360228 | D14: 11161 | E14: 11302.773 | F14: =+D14-E14 -> -141.7729 | G14: =+D14/E14-1 -> -0.012543197
B15: Others | C15: 0.019606693 | D15: 43453 | E15: 48285.678 | F15: =+D15-E15 -> -4832.678 | G15: =+D15/E15-1 -> -0.10008512
B16: Tolls | C16: 0.00097913893 | D16: 2170 | E16: 1883 | F16: =+D16-E16 -> 287 | G16: =+D16/E16-1 -> 0.15241636
B21: ENEL CHILE DISTRIBUTION & NETWORKS BUSINESS Quarterly Figures | D21: =+'Gx Business'!G4 -> Q3 2026 | E21: =+'Gx Business'!H4 -> Q3 2025 | F21: Change in GWh | G21: % Change
B22: Physical Energy Sales (GWh) | C22: 1 | D22: 3812.0886 | E22: 3731.6186 | F22: =+D22-E22 -> 80.469962 | G22: =+D22/E22-1 -> 0.021564359
B23: Residential | C23: 0.38701208 | D23: 1475.3243 | E23: 1426.111 | F23: =+D23-E23 -> 49.213368 | G23: =+D23/E23-1 -> 0.034508793
B24: Commercial | C24: 0.14502409 | D24: 552.84468 | E24: 552.21562 | F24: =+D24-E24 -> 0.62905302 | G24: =+D24/E24-1 -> 0.0011391438
B25: Industrial | C25: 0.042322637 | D25: 161.33764 | E25: 170.08553 | F25: =+D25-E25 -> -8.7478897 | G25: =+D25/E25-1 -> -0.051432298
B26: Others | C26: 0.049133508 | D26: 187.30129 | E26: 194.09602 | F26: =+D26-E26 -> -6.7947349 | G26: =+D26/E26-1 -> -0.03500708
B27: Tolls | C27: 0.37650768 | D27: 1435.2806 | E27: 1389.1105 | F27: =+D27-E27 -> 46.170166 | G27: =+D27/E27-1 -> 0.033237216
B30: Number of Customers | C30: 1 | D30: 2216233 | E30: 2183664 | F30: =+D30-E30 -> 32569 | G30: =+D30/E30-1 -> 0.01491484
B31: Residential | C31: 0.90374613 | D31: 2002912 | E31: 1964375.5 | F31: =+D31-E31 -> 38536.451 | G31: =+D31/E31-1 -> 0.01961766
B32: Commercial | C32: 0.070632014 | D32: 156537 | E32: 157817 | F32: =+D32-E32 -> -1280 | G32: =+D32/E32-1 -> -0.0081106598
B33: Industrial | C33: 0.0050360228 | D33: 11161 | E33: 11302.773 | F33: =+D33-E33 -> -141.7729 | G33: =+D33/E33-1 -> -0.012543197
B34: Others | C34: 0.019606693 | D34: 43453 | E34: 48285.678 | F34: =+D34-E34 -> -4832.678 | G34: =+D34/E34-1 -> -0.10008512
B35: Tolls | C35: 0.00097913893 | D35: 2170 | E35: 1883 | F35: =+D35-E35 -> 287 | G35: =+D35/E35-1 -> 0.15241636
